 Dungeon Crawl Stone Soup version 0.27.1-1-g398f81649c (webtiles) character file.

Game seed: 5317753141136156093

9289 boopmooplesden the Carver (level 11, -24/104 HPs)
             Began as a Minotaur Fighter on Sept 21, 2021.
             Was an Elder of Okawaru.
             Annihilated by a two-headed ogre (26 damage)
             ... on level 11 of the Dungeon.
             The game lasted 00:15:30 (11154 turns).

boopmooplesden the Carver (Minotaur Fighter)       Turns: 11154, Time: 00:15:30

Health: -24/104    AC: 15    Str: 30    XL:     11   Next: 21%
Magic:  8/10       EV: 14    Int:  5    God:    Okawaru [****..]
Gold:   390        SH: 18    Dex: 10    Spells: 10/10 levels left

rFire    . . .     SeeInvis .   a - +2 long sword (venom)
rCold    + . .     Faith    +   c - +3 kite shield
rNeg     . . .     Spirit   .   z - +0 scale mail {Will+}
rPois    .         Reflect  .   (helmet restricted)
rElec    .         Harm     .   (no cloak)
rCorr    +         Rampage  +   (no gloves)
Will     +....                  x - +2 pair of boots
Stlth    ++........             y - amulet of Awnerov {Faith Rampage rC+ rCorr}
HPRegen  0.27/turn              q - ring of resist corrosion
MPRegen  0.12/turn              A - +6 ring of strength

@: brilliant, heroic
A: horns 2, retaliatory headbutt, iridescent scales 1, robust 1
a: Renounce Religion, Heroism


You were on level 11 of the Dungeon.
You worshipped Okawaru.
Okawaru was greatly pleased with you.
You visited 2 branches of the dungeon, and saw 12 of its levels.

You collected 642 gold pieces.
You spent 252 gold pieces at shops.

Inventory:

Hand Weapons
 a - a +2 long sword of venom (weapon)
 f - the +3 whip "Beastbane" {drain, rPois rF+++ rCorr Int-2 Stlth-}
   (You found it on level 7 of the Dungeon)

   A truly terrible weapon, it drains the life of any living foe it strikes.
   Int:       It affects your intelligence (-2).
   rF:        It renders you almost immune to fire.
   rPois:     It protects you from poison.
   rCorr:     It protects you from acid and corrosion.
   Stlth:     It makes you less stealthy.
 r - a +4 scimitar of freezing
Missiles
 i - 26 poisoned darts
 s - 11 javelins (quivered)
 H - a throwing net
 J - 4 datura-tipped darts
Armour
 b - a +0 scale mail
 c - a +3 kite shield (worn)
 n - a +0 scale mail of fire resistance
 x - a +2 pair of boots (worn)
 z - a +0 scale mail of willpower (worn)
 G - a +0 plate armour
Jewellery
 p - a ring of wizardry
 q - a ring of resist corrosion (left hand)
 u - a ring of magical power
 w - an amulet of faith
 y - the amulet of Awnerov (around neck) {Faith Rampage rC+ rCorr}
   (You bought it in a shop on level 6 of the Dungeon)

   [amulet of faith]

   It allows you to gain divine favour quickly.
   rC:        It protects you from cold.
   rCorr:     It protects you from acid and corrosion.
   Rampage:   It bestows one free step when moving towards enemies.
 A - a +6 ring of strength (right hand)
 D - an amulet of guardian spirit
 E - a +6 ring of intelligence
Wands
 v - a wand of digging (3)
 C - a wand of acid (4)
 F - a wand of flame (17)
 I - a wand of polymorph (8)
Scrolls
 l - 2 scrolls of amnesia
 m - 2 scrolls of teleportation
 t - 4 scrolls of immolation
Potions
 d - a potion of haste
 e - 3 potions of curing
 g - 3 potions of mutation
 h - 3 potions of lignification
 j - a potion of brilliance
 k - a potion of attraction {unknown}
 o - a potion of heal wounds
 B - a potion of invisibility {unknown}


   Skills:
 + Level 8.6(13.6) Fighting
 + Level 11.5(16.5) Long Blades
 + Level 0.1(5.1) Throwing
 + Level 10.0(15.0) Armour
 + Level 5.7(10.7) Dodging
 + Level 1.6(6.6) Stealth
 + Level 11.2(16.2) Shields
 + Level 0.1 Invocations


You had 10 spell levels left.
You didn't know any spells.
Your spell library contained the following spells:

 Spells                   Type           Power      Damage    Failure   Level
 Frozen Ramparts          Ice            0%         1d2       95%         3
 Inner Flame              Hex/Fire       0%         N/A       95%         3
 Cause Fear               Hex            0%         N/A       100%        4
 Ice Form                 Ice/Tmut       0%         N/A       100%        4
 Summon Ice Beast         Ice/Summ       0%         N/A       100%        4
 Discord                  Hex            0%         N/A       100%        8


Dungeon Overview and Level Annotations

Branches:
Dungeon (10/15)            Temple (1/1) D:7            Lair (0/6) D:8
    Orc: D:9-12

Altars:
Ashenzari
Cheibriados
Dithmenos
Elyvilon
Fedhas
Gozag
Hepliaklqana
Kikubaaqudgha
Makhleb
Nemelex Xobeh
Okawaru
Qazlal
Ru
Sif Muna
Trog
Uskayaw
Vehumet
Wu Jian
Xom
Yredelemnul
Zin
The Shining One

Shops:
D:6 *   D:8 =


Innate Abilities, Weirdness & Mutations

You have a pair of horns on your head.
You reflexively headbutt those who attack you in melee.
You are partially covered in iridescent scales. (AC +2)
You are robust. (+10% HP)


Message History

You now have 390 gold pieces (gained 16).
Your extra speed is starting to run out.
You feel yourself slow down.
You feel like a meek peon again.
It was a potion of brilliance.
You feel clever all of a sudden.
It was a potion of heal wounds.
You feel much better.
You hear the loud beating of a distant drum.
Found 19 arrows and a buckler.
A two-headed ogre comes into view. It is wielding two +0 giant clubs.
Found a ring mail and 2 potions of mutation.
The two-headed ogre shouts in stereo!
You rampage towards the two-headed ogre!
A komodo dragon comes into view.
The komodo dragon hisses angrily.
You rampage towards the two-headed ogre!
You block the two-headed ogre's attack. x2
You hit the two-headed ogre but do no damage.
The two-headed ogre is poisoned.
You headbutt the two-headed ogre!
The two-headed ogre is lightly wounded.
You slash the two-headed ogre!
The two-headed ogre looks as sick as possible!
The two-headed ogre is moderately wounded.
You block the two-headed ogre's attack.
The two-headed ogre hits you with a +0 giant club!
* * * LOW HITPOINT WARNING * * *
You block the komodo dragon's attack.
You gain the combat prowess of a mighty hero.
A killer bee comes into view.
The two-headed ogre hits you with a +0 giant club!!
* * * LOW HITPOINT WARNING * * *
You block the two-headed ogre's attack.
The komodo dragon bites you but does no damage.
You slash the komodo dragon!
The komodo dragon is poisoned.
The komodo dragon is lightly wounded.
The komodo dragon bites you.
* * * LOW HITPOINT WARNING * * *
You block the two-headed ogre's attack.
The two-headed ogre hits you with a +0 giant club!!
You die...

##..##.##.#######
##...##†##........
#............#####
#..#######..##
##..##.....#....
####..##.............
#....................
#................?...
#....@y..............
#....Ol.....( ....
#............
#......[.....
#......#.....
#....[.##.!..
#......# ####
########


You could see a two-headed ogre (very poisoned), a komodo dragon (very poisoned)
and a killer bee.

Vanquished Creatures
  2 two-headed ogres
  Pikel (D:7)
  A manticore (D:11)
  2 trolls (D:9)
  Grinder (D:3)
  Sigmund (D:3)
  2 vampires (D:11)
  11 yaks
  A shadow (D:9)
  A wraith (D:10)
  2 steam dragons (D:9)
  An acid dragon (D:9)
  A water moccasin (D:9)
  An orc warrior (D:10)
  2 black bears
  An ice beast (D:5)
  A necrophage (D:6)
  2 sky beasts
  2 ogres
  4 centaurs
  A phantom (D:5)
  2 kobold brigands
  A bullfrog (D:7)
  A water moccasin zombie (D:5)
  A wyvern zombie (D:9)
  3 gnoll sergeants
  2 scorpions
  10 killer bees
  11 wights
  A bullfrog zombie (D:6)
  5 orc priests
  A jelly (D:5)
  3 hounds
  4 iguanas
  10 orc wizards
  A scorpion zombie (D:5)
  Natasha (thrice) (D:4)
  Terence (D:3)
  2 killer bee zombies
  7 gnolls
  6 adders
  A howler monkey skeleton (D:4)
  A white imp (D:6)
  A worm (D:2)
  2 dart slugs
  27 orcs
  5 ball pythons
  5 endoplasms
  3 giant cockroaches
  6 goblins
  3 hobgoblins
  3 quokkas
  3 bats
  2 frilled lizards
  13 kobolds
  A rat (D:2)
192 creatures vanquished.

Notes
Turn   | Place    | Note
-------+----------+-------------------------------------------
     0 | D:1      | boopmooplesden the Minotaur Fighter began the quest for the
                  | Orb.
     0 | D:1      | Reached XP level 1. HP: 19/19 MP: 0/0
   298 | D:1      | Reached XP level 2. HP: 27/27 MP: 1/1
   533 | D:1      | Found a faded altar of an unknown god.
   984 | D:2      | Reached XP level 3. HP: 17/33 MP: 2/2
  1165 | D:2      | Found a radiant altar of Vehumet.
  1688 | D:3      | Noticed Terence
  1702 | D:3      | Killed Terence
  1703 | D:3      | Reached XP level 4. HP: 14/40 MP: 3/3
  1979 | D:3      | Noticed Grinder
  1987 | D:3      | Paralysed by Grinder for 5 turns
  1998 | D:3      | Killed Grinder
  1999 | D:3      | Reached skill level 5 in Armour
  1999 | D:3      | Reached skill level 1 in Dodging
  1999 | D:3      | Reached skill level 5 in Shields
  1999 | D:3      | Reached XP level 5. HP: 27/47 MP: 4/4
  1999 | D:3      | Reached XP level 6. HP: 31/53 MP: 5/5
  2323 | D:3      | Noticed Sigmund
  2333 | D:3      | Killed Sigmund
  2334 | D:3      | Reached skill level 1 in Stealth
  2614 | D:4      | Noticed Natasha
  2615 | D:4      | Killed Natasha
  2848 | D:4      | Noticed Natasha
  2850 | D:4      | Reached skill level 5 in Long Blades
  2850 | D:4      | Reached XP level 7. HP: 60/60 MP: 6/6
  2858 | D:4      | Killed Natasha
  3015 | D:4      | Noticed Natasha
  3021 | D:4      | Killed Natasha
  3288 | D:5      | Entered Level 5 of the Dungeon
  3372 | D:5      | Reached skill level 5 in Fighting
  3705 | D:5      | Reached XP level 8. HP: 62/68 MP: 7/7
  5067 | D:6      | Found Giummooj's Assorted Antiques.
  5079 | D:6      | Bought a bound platinum amulet for 105 gold pieces
  5079 | D:6      | Identified the amulet of Awnerov {Faith Rampage rC+ rCorr}
                  | (You bought it in a shop on level 6 of the Dungeon)
  5079 | D:6      | Bought a shiny scale mail for 147 gold pieces
  5131 | D:6      | Found a shadowy altar of Dithmenos.
  5213 | D:6      | Found a blossoming altar of Fedhas.
  5578 | D:7      | Noticed Pikel
  5590 | D:7      | Killed Pikel
  5591 | D:7      | Reached XP level 9. HP: 40/75 MP: 8/8
  6310 | D:7      | Found an opulent altar of Gozag.
  6413 | D:7      | Noticed a two-headed ogre
  6425 | D:7      | Killed a two-headed ogre
  6477 | D:7      | Identified the +3 whip "Beastbane" {drain, rPois rF+++
                  | rCorr Int-2 Stlth-}
  6494 | D:7      | HP: 2/78 [orc (3)]
  6495 | D:7      | Gained mutation: You are robust. (+10% HP) [potion of
                  | mutation]
  6495 | D:7      | Gained mutation: You are partially covered in iridescent
                  | scales. (AC +2) [potion of mutation]
  7183 | D:7      | Found a staircase to the Ecumenical Temple.
  7198 | Temple   | Entered the Ecumenical Temple
  7406 | Temple   | Became a worshipper of Warmaster Okawaru
  7828 | D:8      | Found a staircase to the Lair.
  7993 | D:8      | Reached XP level 10. HP: 77/90 MP: 9/9
  8183 | D:8      | Found an ancient bone altar of Kikubaaqudgha.
  8216 | D:8      | Found a hazy altar of Hepliaklqana.
  8217 | D:8      | Found a faded altar of an unknown god.
  8398 | D:8      | Reached * piety under Okawaru
  8689 | D:8      | Found Qupnuxit's Jewellery Shop.
  8956 | D:9      | Reached skill level 10 in Long Blades
  9130 | D:9      | Reached skill level 10 in Shields
  9295 | D:9      | Found an ornate altar of the Wu Jian Council.
  9454 | D:9      | Reached ** piety under Okawaru
  9460 | D:9      | Reached skill level 5 in Dodging
  9919 | D:10     | Entered Level 10 of the Dungeon
 10054 | D:10     | Found a sparkling altar of Nemelex Xobeh.
 10090 | D:10     | Noticed a two-headed ogre
 10100 | D:10     | Killed a two-headed ogre
 10100 | D:10     | Reached *** piety under Okawaru
 10609 | D:10     | Reached XP level 11. HP: 87/103 MP: 10/10
 10625 | D:10     | Reached **** piety under Okawaru
 10964 | D:10     | You fall into a shaft and drop 1 floor!
 10977 | D:11     | Found an iron altar of Okawaru.
 11063 | D:11     | Reached skill level 10 in Armour
 11066 | D:11     | Received a gift from Okawaru
 11103 | D:11     | HP: 3/104 [vampire (5)]
 11146 | D:11     | Noticed a two-headed ogre
 11151 | D:11     | HP: 4/104 [two-headed ogre (18)]
 11154 | D:11     | Annihilated by a two-headed ogre

Illustrated notes

Levels and vault maps discovered:
D:1:      matt_arrival_los_fun, layout_basic, ebering_ecumenical_altar_hall
D:2:      layout_basic, basic_altar
D:3:      layout_rooms, uniq_terence, uniq_grinder, uniq_sigmund
D:4:      layout_basic, serial_forest, infiniplex_forest_straight_1,
          infiniplex_forest_lined_4_way, infiniplex_forest_lined_room_,
          infiniplex_forest_zigzag_1, infiniplex_forest_lined_corner,
          infiniplex_forest_straight_2, infiniplex_forest_diagonal,
          infiniplex_forest_lined_room_2, uniq_natasha
D:5:      layout_layer_cave
D:6:      layout_basic, mainiacjoe_overflow_large_starburst, serial_shops, shop
D:7:      layout_cave_pools, mainiacjoe_overflow_concentric_impassable,
          minmay_temple_entry_trees, uniq_pikel
D:8:      layout_loops_corners, beargit_hepliaklqana_dungeon_heroes,
          nicolae_kikubaaqudgha_miasma_corner, lair_entry_dummy, serial_shops,
          nicolae_shop_window_shopping, hangedman_decor_opposing
D:9:      layout_small_grid, nicolae_wu_jian_wuxing_cycle,
          kennysheep_generic_room_12
D:10:     layout_stronghold, nemelex_diamond_rough_becter,
          kennysheep_generic_room_14
D:11:     layout_rooms, david_orc_2, gauntlet_entry_generic, okawaru_trees_2
Temple:   regret_index_temple_generic_petals

Skill      XL: |  1  2  3  4  5  6  7  8  9 10 11 |
---------------+----------------------------------+-----
Armour         | 4 5 6 8 9 10 | 10.0
Fighting       | 4 5 6 8 |  8.6
Shields        | 4 5 6 7 9 10 11 | 11.2
Long Blades    | 3 4 5 6 8 9 11 | 11.5
Dodging        | 1 2 3 4 5 |  5.7
Stealth        | 1 |  1.6
Throwing       | |  0.1
Invocations    | |  0.1

Action                   |  1- 3 |  4- 6 |  7- 9 | 10-12 || total
-------------------------+-------+-------+-------+-------++-------
Melee: Long sword        |    69 |    52 |   262 |   240 ||   623
       Headbutt          |    14 |     6 |    53 |    62 ||   135
Throw: Dart              |       |       |     1 |       ||     1
Invok: Heroism           |       |       |       |     3 ||     3
  Use: Scroll            |     4 |       |    13 |     1 ||    18
       Potion            |       |       |     3 |     3 ||     6
Armor: Scale mail        |    22 |    25 |    96 |    78 ||   221
Dodge: Dodged            |    24 |    20 |   101 |    70 ||   215
Block: Kite shield       |    38 |    31 |   211 |   193 ||   473
       Rpst.: Long sword |     7 |     6 |    25 |    12 ||    50
